 Dungeon Crawl Stone Soup version 0.23.2-33-g5129a83184 (webtiles) character file.

Game seed: 7313116524574506221

557 Blejac999 the Slasher (level 7, 0/47 HPs)
             Began as a Halfling Fighter on Aug 4, 2019.
             Was a Follower of Okawaru.
             Slain by a gnoll
             ... wielding a +0 halberd
              (9 damage)
             ... on level 3 of the Dungeon.
             The game lasted 00:08:39 (3407 turns).

Blejac999 the Slasher (Halfling Fighter)            Turns: 3407, Time: 00:08:40

Health: 0/47       AC:  9    Str: 18    XL:     7   Next: 56%
Magic:  5/7        EV: 16    Int:  6    God:    Okawaru [*.....]
Gold:   151        SH:  0    Dex: 15    Spells: 6/6 levels left

rFire    . . .     SeeInvis .   a - +0 long sword
rCold    . . .     Gourm    .   (shield restricted)
rNeg     . . .     Faith    .   b - +1 scale mail
rPois    .         Spirit   .   (no helmet)
rElec    .         Reflect  .   (no cloak)
rCorr    .         Harm     .   (no gloves)
MR       .....                  (no boots)
Stlth    ++........             (no amulet)
HPRegen  0.15/turn              (no ring)
MPRegen  0.10/turn              (no ring)

@: heroism
A: small, mutation resistance 1
a: Heroism, Renounce Religion


You were on level 3 of the Dungeon.
You worshipped Okawaru.
Okawaru was aware of your devotion.
You were not hungry.

You visited 1 branch of the dungeon, and saw 3 of its levels.

You collected 151 gold pieces.

Inventory:

Hand Weapons
 a - a +0 long sword (weapon)
Armour
 b - a +1 scale mail (worn)
 c - a +0 shield
Scrolls
 e - a scroll of remove curse
Comestibles
 d - 5 chunks of flesh
 f - 6 rations


   Skills:
 + Level 3.7(8.7) Fighting
 * Level 6.2(11.2) Long Blades
 + Level 4.6(9.6) Armour
 + Level 1.3(6.3) Dodging
 + Level 3.5(8.5) Shields
   Level 0.4 Evocations


You had 6 spell levels left.
You didn't know any spells.
Your spell library was empty.

Dungeon Overview and Level Annotations

Branches:
Dungeon (3/15)

Altars:
Ashenzari
Cheibriados
Kikubaaqudgha
Okawaru
Zin


Innate Abilities, Weirdness & Mutations

You are small and have problems with some larger weapons.
You are somewhat resistant to further mutation.


Message History

The gnoll hits you from afar with a +0 halberd.
* * * LOW HITPOINT WARNING * * *
You aren't carrying any potions.
Okay, then.
You slash the gnoll!
You kill the gnoll!
Okawaru accepts your kill. The gnoll barely misses you.
You hit the gnoll but do no damage. The gnoll misses you.
The gnoll barely misses you.
You riposte.
You hit the gnoll.
The gnoll is moderately wounded.
You gain the combat prowess of a mighty hero.
The gnoll misses you.
You slash the gnoll!
You kill the gnoll!
Okawaru accepts your kill. The gnoll misses you. The gnoll misses you.
You hit the gnoll but do no damage. The gnoll hits you with a +0 halberd!
You die...

###################
..'..'.......)....#+#
###''#########....#.#
.............#....#.#
.............######)#
.............'..@.'.#
.............'..)g).#
###''##############.#
##....####### .#
.'....'.....+ .#
##....####### '###
##''''#############...# P
.......)[)........#...# ≈.
≈≈....≈≈≈≈≈≈≈≈≈≈≈≈#####≈≈.


You could see a gnoll.

Vanquished Creatures
  A gnoll sergeant (D:3)
  A gnoll shaman (D:3)
  2 orc wizards (D:3)
  An orc priest (D:3)
  28 gnolls
  2 adders
  An ooze (D:2)
  A dart slug (D:2)
  6 orcs
  4 bats
  6 hobgoblins
  10 jackals
  3 quokkas (D:2)
  3 ball pythons
  7 frilled lizards
  10 goblins
  6 kobolds
  7 rats
99 creatures vanquished.

Vanquished Creatures (others)
  4 toadstools (D:1)
4 creatures vanquished.

Grand Total: 103 creatures vanquished

Notes
Turn   | Place    | Note
-------+----------+-------------------------------------------
     0 | D:1      | Blejac999 the Halfling Fighter began the quest for the Orb.
     0 | D:1      | Reached XP level 1. HP: 15/15 MP: 1/1
    36 | D:1      | Reached XP level 2. HP: 6/20 MP: 2/2
   511 | D:1      | Reached XP level 3. HP: 25/25 MP: 3/3
   901 | D:2      | Reached skill level 3 in Long Blades
   983 | D:2      | Found an iron altar of Okawaru.
   999 | D:2      | Reached XP level 4. HP: 23/31 MP: 4/4
  1014 | D:2      | Became a worshipper of Warmaster Okawaru
  1386 | D:3      | Reached XP level 5. HP: 36/36 MP: 5/5
  1392 | D:3      | Reached skill level 4 in Long Blades
  1714 | D:3      | Reached XP level 6. HP: 20/42 MP: 6/6
  1882 | D:3      | Found an ancient bone altar of Kikubaaqudgha.
  1882 | D:3      | Found a shattered altar of Ashenzari.
  1888 | D:3      | Found a glowing silver altar of Zin.
  1889 | D:3      | Found a snail-covered altar of Cheibriados.
  2100 | D:3      | Found a faded altar of an unknown god.
  2150 | D:3      | Reached skill level 5 in Long Blades
  2150 | D:3      | Reached skill level 1 in Dodging
  2161 | D:3      | Reached * piety under Okawaru
  2489 | D:3      | Reached XP level 7. HP: 46/46 MP: 7/7
  3139 | D:3      | Reached skill level 6 in Long Blades
  3407 | D:3      | Slain by a gnoll

Skill      XL: |  1  2  3  4  5  6  7 |
---------------+----------------------+-----
Long Blades    | 3 4 5 6 |  6.2
Fighting       | 3 |  3.7
Armour         | 4 |  4.6
Dodging        | 1 |  1.3
Shields        | |  3.5
Evocations     | |  0.4

Action                   |  1- 3 |  4- 6 |  7- 9 || total
-------------------------+-------+-------+-------++-------
Melee: Long sword        |    97 |    98 |    86 ||   281
Invok: Heroism           |       |       |     1 ||     1
Evoke: Wand              |       |    14 |       ||    14
  Use: Scroll            |     2 |     6 |     1 ||     9
       Potion            |     5 |     2 |       ||     7
  Eat: Chunk             |       |     5 |     3 ||     8
Armor: Scale mail        |    59 |    51 |    17 ||   127
Dodge: Dodged            |    79 |    87 |    61 ||   227
Block: Shield            |    18 |       |       ||    18
       Rpst.: Long sword |    23 |    24 |    15 ||    62
